 Dungeon Crawl Stone Soup version 0.19-a0-1682-g5114f93 (webtiles) character file.

19641 TheGoonsmith the Thaumaturge (level 12, -12/68 HPs)
             Began as a Deep Elf Conjurer on Sept 24, 2016.
             Was a High Priest of Vehumet.
             Mangled by a torpor snail (18 damage)
             ... on level 3 of the Lair of Beasts.
             The game lasted 00:35:57 (15808 turns).

TheGoonsmith the Thaumaturge (Deep Elf Conjurer)   Turns: 15808, Time: 00:35:57

Health: -12/68     AC:  9    Str:  5    XL:     12   Next: 38%
Magic:  2/30       EV: 23    Int: 26    God:    Vehumet [*****.]
Gold:   678        SH:  5    Dex: 15    Spells: 5 memorised, 19 levels left

rFire  . . .     SeeInvis .     C - +2 whip (elec)
rCold  + . .     Gourm    .     B - +2 robe {rC+}
rNeg   . . .     Faith    .     V - +0 buckler
rPois  .         Spirit   .     (no helmet)
rElec  .         Dismiss  .     (no cloak)
rCorr  .         Reflect  .     d - +2 pair of gloves (curse)
MR     +....     Harm     .     T - +0 pair of boots
Stlth  ++++......               (no amulet)
                                (no ring)
                                l - +3 ring of evasion

@: about to teleport, very slightly contaminated, slowed, invisible, very slow
A: no striking features
a: Renounce Religion


You were on level 3 of the Lair of Beasts.
You worshipped Vehumet.
Vehumet was extremely pleased with you.
You were hungry.

You visited 3 branches of the dungeon, and saw 14 of its levels.
You also visited: Ossuary.

You collected 678 gold pieces.

Inventory:

Hand Weapons
 C - a +2 whip of electrocution (weapon)
 U - the +6 halberd of Lafecret {speed, +Rage rF+ MR+ Stlth+}
   (You found it on level 10 of the Dungeon)

   Attacks with this weapon are significantly faster.
   It protects you from fire.
   It affects your resistance to hostile enchantments.
   It lets you go berserk.
   It makes you more stealthy.
Armour
 d - a cursed +2 pair of gloves (worn)
 B - a +2 robe of cold resistance (worn)
 T - a +0 pair of boots (worn)
 V - a +0 buckler (worn)
Jewellery
 l - a +3 ring of evasion (left hand)
Wands
 b - a wand of polymorph (13/24)
 c - a wand of heal wounds (4/9)
 f - a wand of polymorph (11/24)
 h - a wand of lightning (12/15)
 t - a wand of iceblast (7/15)
 D - a wand of lightning (9/15)
 I - a wand of digging (9/24)
 K - a wand of lightning (7/15)
 R - a wand of polymorph (13/24)
Scrolls
 g - 10 scrolls of remove curse
 j - a scroll of fear
 k - 2 scrolls of recharging
 r - 3 scrolls of identify
 G - a scroll of teleportation
 P - 2 scrolls of amnesia
 Q - a scroll of magic mapping
Potions
 e - 2 potions of might
 m - 4 potions of brilliance
 n - 3 potions of curing
 u - 2 potions of resistance
 w - a potion of invisibility
 z - 2 potions of berserk rage
 A - 4 potions of flight
 E - 2 potions of agility
 H - a potion of cure mutation {unknown}
 J - 2 potions of cancellation {unknown}
 M - 2 potions of haste
 O - 2 potions of lignification {unknown}
Comestibles
 a - 3 chunks of flesh
 i - a bread ration
 s - 3 beef jerkies
 v - 6 meat rations
 L - 14 fruits


   Skills:
 - Level 5.1 Fighting
 - Level 10.9 Dodging
 - Level 8.0 Stealth
 - Level 4.0 Shields
 - Level 12.1 Spellcasting
 - Level 12.0 Conjurations
 - Level 4.0 Hexes
 - Level 7.3 Charms
 - Level 2.1 Fire Magic
 + Level 4.3 Evocations


You had 19 spell levels left.
You knew the following spells:

 Your Spells              Type           Power        Failure   Level  Hunger
a - Magic Dart            Conj           ####         1%          1    None
b - Searing Ray           Conj           ######       1%          2    None
c - Fulminant Prism       Conj/Hex       ######....   1%          4    None
s - Sticky Flame          Conj/Fire      ######..     1%          4    None
z - Iskenderun's Battles  Conj/Chrm      ######..     1%          5    ###....


Dungeon Overview and Level Annotations

Branches:
Dungeon (10/15) Temple (1/1) D:7 Lair (3/6) D:8 Shoals (0/4) Lair:2 Orc (0/2) D:9 D:10 Snake: Lair:2-4 Spider: Lair:2-4

Altars:
Ashenzari
Cheibriados
Dithmenos
Elyvilon
Fedhas
Gozag
Hepliaklqana
Kikubaaqudgha
Makhleb
Nemelex Xobeh
Okawaru
Qazlal
Ru
Sif Muna
Trog
Uskayaw
Vehumet
Xom
Yredelemnul
Zin
The Shining One


Message History

The bullfrog hits you but does no damage. x2
The torpor snail bites you!
* * * LOW HITPOINT WARNING * * *
Okay, then.
Okay, then.
Press: ? - help, v - describe, . - travel
Here: a bullfrog (moderately wounded)
The floor, spattered with blood.
Unknown command.
You feel better. The bullfrog completely misses you. x2
The torpor snail misses you.
You fade into invisibility!
The bullfrog hits you but does no damage.
The bullfrog misses you. The torpor snail bites you!
* * * LOW HITPOINT WARNING * * *
You are very lightly contaminated with residual magic.
Okay, then.
As you read the scroll of teleportation, it crumbles to dust.
You feel strangely unstable. The torpor snail bites you!!
You die...

........... #.........#
##.........# #..........#
#..........# #....*.....#
##.†.....# #...@...#.#
#######†w†....##
#######.#.###........#
#..##..#...##.†.#.....#
#..........#.#..##....#
#......(...F#..........
#...........#..........
#...............................
#...............................


You could see a torpor snail, a bullfrog (wandering) and a friendly
battlesphere.

Vanquished Creatures
  2 black mambas
  Joseph (D:10)
  2 sirens (Lair:2)
  6 spiny frogs
  A rime drake (Lair:2)
  A komodo dragon (Lair:1)
  Prince Ribbit (D:8)
  6 hippogriffs
  A wraith (D:10)
  39 yaks
  2 basilisks (Lair:2)
  Edmund (D:5)
  10 water moccasins
  Duvessa (D:7)
  5 porcupines
  A black bear (D:8)
  2 ice beasts
  4 orc warriors
  2 sky beasts
  7 ogres
  6 wolves
  5 centaurs
  3 crocodiles
  8 bullfrogs
  A gnoll sergeant (D:9)
  Dowan (D:7)
  6 water moccasin zombies (Ossuary)
  2 water moccasin skeletons
  3 scorpions
  3 killer bees (D:6)
  5 wights (D:10)
  7 electric eels
  4 howler monkeys
  2 crimson imps (D:5)
  A wasp zombie (D:8)
  4 hounds
  2 jellies
  3 bullfrog skeletons
  5 orc priests
  Jessica (D:2)
  A gnoll shaman (D:6)
  Natasha (thrice) (D:2)
  6 iguanas
  8 orc wizards
  8 worker ants
  A killer bee zombie (D:9)
  3 big kobold zombies (Ossuary)
  3 hound skeletons
  2 mummies (Ossuary)
  A worker ant zombie (D:8)
  18 gnolls
  33 river rats
  11 adders
  5 shadow imps
  An ooze (D:4)
  4 adder zombies
  3 worms
  An adder skeleton (D:7)
  3 dart slugs
  5 leopard geckos
  37 orcs
  A giant cockroach (D:2)
  3 gnoll zombies (Ossuary)
  7 goblins
  6 hobgoblins
  11 jackals
  8 kobolds
  5 quokkas
  3 ball pythons
  5 bats
  5 frilled lizards
  5 hobgoblin zombies (Ossuary)
  8 kobold zombies (Ossuary)
  5 orc zombies (Ossuary)
  A quokka zombie (D:8)
  3 rats
400 creatures vanquished.

Vanquished Creatures (others)
  26 fulminant prisms
  2 fungi
  22 plants (Lair:1)
50 creatures vanquished.

Grand Total: 450 creatures vanquished

Notes
Turn   | Place    | Note
-------+----------+-------------------------------------------
     0 | D:1      | TheGoonsmith the Deep Elf Conjurer began the quest for the Orb.
     0 | D:1      | Reached XP level 1. HP: 10/10 MP: 6/6
   364 | D:1      | Reached XP level 2. HP: 15/15 MP: 5/8
   952 | D:1      | Found a sparkling altar of Nemelex Xobeh.
  1045 | D:2      | Noticed Jessica
  1052 | D:1      | Reached skill level 5 in Conjurations
  1247 | D:1      | Reached XP level 3. HP: 14/19 MP: 7/10
  1355 | D:2      | Learned a level 2 spell: Searing Ray
  1509 | D:2      | Noticed Natasha
  1517 | D:2      | Killed Natasha
  1517 | D:2      | Reached XP level 4. HP: 6/24 MP: 3/12
  1768 | D:2      | Found a hide-covered altar of Uskayaw.
  1768 | D:2      | Noticed a dagger
  1769 | D:2      | Noticed a dagger
  1967 | D:2      | Learned a level 4 spell: Fulminant Prism
  1977 | D:2      | Found a blossoming altar of Fedhas.
  1983 | D:2      | Killed Jessica
  2011 | D:2      | Found an opulent altar of Gozag.
  2026 | D:2      | Reached skill level 1 in Hexes
  2069 | D:2      | Noticed Natasha
  2072 | D:2      | Reached XP level 5. HP: 28/28 MP: 4/13
  2083 | D:2      | Killed Natasha
  2427 | D:2      | Noticed Natasha
  2440 | D:2      | Killed Natasha
  2841 | D:3      | Reached XP level 6. HP: 32/32 MP: 10/15
  2997 | D:3      | Reached skill level 5 in Spellcasting
  3607 | D:4      | Reached XP level 7. HP: 29/36 MP: 0/17
  3948 | D:3      | Learned a level 5 spell: Iskenderun's Battlesphere
  4372 | D:5      | Entered Level 5 of the Dungeon
  4461 | D:5      | Reached skill level 1 in Charms
  4587 | D:5      | Noticed Edmund
  4659 | D:5      | Reached XP level 8. HP: 12/41 MP: 0/20
  4687 | D:5      | Found a sand-covered staircase.
  4692 | Ossuary  | Entered an ossuary
  5769 | D:5      | Reached skill level 10 in Conjurations
  5952 | D:5      | Killed Edmund
  5952 | D:5      | Reached skill level 5 in Charms
  6943 | D:6      | Reached XP level 9. HP: 38/45 MP: 13/23
  7876 | D:7      | Noticed Duvessa
  7945 | D:7      | Noticed Dowan
  7948 | D:7      | Killed Duvessa
  7948 | D:7      | Killed Dowan
  8120 | D:7      | Found a staircase to the Ecumenical Temple.
  8128 | Temple   | Entered the Ecumenical Temple
  8347 | Temple   | Became a worshipper of Vehumet
  9130 | D:8      | Reached skill level 5 in Dodging
  9135 | D:8      | Found an opulent altar of Gozag.
  9517 | D:8      | Reached XP level 10. HP: 50/50 MP: 16/25
  9557 | D:8      | Found a staircase to the Lair.
  9602 | D:8      | Noticed Prince Ribbit
  9614 | D:8      | Killed Prince Ribbit
  9959 | D:9      | Reached * piety under Vehumet
  9959 | D:9      | Offered knowledge of Shock by Vehumet.
  9959 | D:9      | Reached skill level 1 in Fighting
 10347 | D:9      | Reached skill level 1 in Shields
 10976 | D:9      | Got an ichor-stained trident
 10977 | D:9      | Identified the +3 trident of Imminent Death {pierce, -Tele Str+4 Int+3} (You found it on level 9 of the Dungeon)
 11118 | D:10     | Entered Level 10 of the Dungeon
 11161 | D:10     | Offered knowledge of Sandblast by Vehumet.
 11162 | D:10     | Reached ** piety under Vehumet
 11324 | D:10     | Found a shadowy altar of Dithmenos.
 11628 | D:10     | Found a staircase to the Orcish Mines.
 11751 | D:10     | Got a dazzling halberd
 11811 | D:10     | Noticed Joseph
 11816 | D:10     | Noticed a manticore
 11830 | D:10     | Killed Joseph
 11830 | D:10     | Reached skill level 10 in Spellcasting
 11871 | D:10     | Noticed a hill giant
 12008 | Lair:1   | Entered Level 1 of the Lair of Beasts
 12065 | D:8      | Reached XP level 11. HP: 58/60 MP: 3/28
 12068 | D:8      | Offered knowledge of Throw Frost by Vehumet.
 12461 | Lair:1   | Reached *** piety under Vehumet
 12771 | Lair:1   | Offered knowledge of Static Discharge by Vehumet.
 12796 | Lair:1   | Reached skill level 10 in Dodging
 14060 | Lair:2   | Reached **** piety under Vehumet
 14086 | Lair:2   | Reached skill level 5 in Fighting
 14088 | Lair:2   | Offered knowledge of Sticky Flame by Vehumet.
 14314 | Lair:2   | Learned a level 4 spell: Sticky Flame
 14365 | Lair:2   | Reached skill level 1 in Fire Magic
 14748 | Lair:2   | Reached XP level 12. HP: 68/68 MP: 23/30
 14911 | Lair:2   | Found a staircase to the Shoals.
 14918 | Lair:2   | Reached skill level 5 in Stealth
 15209 | Lair:3   | Noticed a death yak
 15213 | Lair:3   | Noticed a death yak
 15216 | Lair:3   | Noticed a death yak
 15608 | Lair:3   | Reached ***** piety under Vehumet
 15612 | Lair:3   | Reached skill level 1 in Evocations
 15694 | Lair:3   | Identified the +6 halberd of Lafecret {speed, +Rage rF+ MR+ Stlth+} (You found it on level 10 of the Dungeon)
 15786 | Lair:3   | Offered knowledge of Delayed Fireball by Vehumet.
 15808 | Lair:3   | Mangled by a torpor snail

Vault maps used:
D:1:      evilmike_arrival_crescent, nemelex_diamond_rough_becter
D:2:      dancing_weapons_uskayaw, nicolae_overflow_crystal_walls,
          grunt_gozag_statues, uniq_natasha, uniq_jessica
D:4:      first_bread, kennysheep_generic_room_5
D:5:      enter_ossuary_2, uniq_edmund
D:7:      uniq_duvessa
D:8:      old_standard_altar, lair_0_dummy, hangedman_minor_gate_pass,
          uniq_prince_ribbit1
D:9:      kb_lookout_dungeons_type
D:10:     orc_0_dummy, the_bakery, nicolae_dithmenos_through_a_glass_darkly,
          uniq_grum, uniq_joseph
Temple:   dpeg_five_rooms_temple
Lair:1:   serial_bayou_lake_a, serial_bayou_shore_a
Lair:2:   elwin_shoals_entry_rooms, grunt_megastairs_1, bh_autumn_forest_stairs,
          lemuel_fruit_tree
Ossuary:  ossuary_tomb_2

Skill      XL: |  1  2  3  4  5  6  7  8  9 10 11 12 |
---------------+-------------------------------------+-----
Conjurations   | 5 6 7 8 10 11 12 | 12.0
Spellcasting   | 4 5 6 8 9 11 12 | 12.1
Hexes          | 1 2 3 4 |  4.0
Charms         | 2 5 7 |  7.3
Dodging        | 7 8 10 | 10.9
Fighting       | 3 5 |  5.1
Shields        | 4 |  4.0
Fire Magic     | 2 |  2.1
Stealth        | 4 8 |  8.0
Evocations     | 4 |  4.3

Action                   |  1- 3 |  4- 6 |  7- 9 | 10-12 || total
-------------------------+-------+-------+-------+-------++-------
Melee: Unarmed           |     8 |       |       |       ||     8
       Flail             |       |     2 |    10 |       ||    12
       Whip              |       |       |    35 |    11 ||    46
 Cast: Magic Dart        |    57 |   160 |   250 |   403 ||   870
       Searing Ray       |       |     5 |    37 |     7 ||    49
       Fulminant Prism   |       |       |    10 |    16 ||    26
       Iskenderun's Batt |       |       |     9 |    72 ||    81
       Sticky Flame      |       |       |       |     1 ||     1
  Use: Scroll            |       |       |    19 |    11 ||    30
       Potion            |       |       |     1 |     4 ||     5
  Eat: Chunk             |     1 |     7 |    13 |    17 ||    38
       Bread ration      |       |       |     2 |     1 ||     3
       Meat ration       |       |       |       |     1 ||     1
Armor: Robe              |     4 |     2 |    39 |    16 ||    61
Dodge: Dodged            |    14 |    19 |   153 |   109 ||   295
Block: Buckler           |       |       |       |    17 ||    17
